 Dungeon Crawl Stone Soup version 0.31-a0-691-g409c26aa35 (webtiles) character file.

Game seed: 13590509530681770937

91478 qw the Warrior (level 16, -9/112 HPs)
             Began as a Gargoyle Hunter on Sept 6, 2023.
             Was an Elder of Okawaru.
             Mangled by a two-headed ogre
             ... wielding a +0 giant club
              (10 damage)
             ... on level 2 of the Orcish Mines.
             The game lasted 00:12:07 (19937 turns).

qw the Warrior (Gargoyle Hunter)                   Turns: 19937, Time: 00:12:08

Health: -9/112     AC: 15    Str: 16    XL:     16   Next: 3%
Magic:  22/23      EV: 32    Int:  9    God:    Okawaru [****..]
Gold:   1284       SH:  5    Dex: 24    Spells: 15/15 levels left

rFire   + . .        Y - +3 orcbow (drain)
rCold   + . .        (shield currently unavailable)
rNeg    + + .        s - +2 robe {rC+ rF+}
rPois   inf          (no helmet)
rElec   +            m - scarf of Zirchiw {shadows, rN+ Regen+ Dex-2}
rCorr   .            l - +0 pair of gloves of Kewituca {Will+}
SInv    +            r - +3 pair of boots of Loxel {rPois Dex+3 Stlth+}
Will    ++...        g - amulet of reflection
Stlth   +++++        d - +5 ring of evasion
HPRegen 1.18/turn    o - ring of see invisible
MPRegen 0.18/turn

%: reflection
@: about to teleport, heroic, corroded, flying
A: sickness immunity, AC +12, big wings, negative energy resistance 1,
electricity resistance, torment resistance 1, petrification resistance, agile 1
a: Renounce Religion, Heroism, Finesse


You were on level 2 of the Orcish Mines.
You worshipped Okawaru.
Okawaru was greatly pleased with you.
You visited 3 branches of the dungeon, and saw 22 of its levels.
You visited the Abyss 1 time.
You also visited: Sewer.

You collected 2359 gold pieces.
You spent 1075 gold pieces at shops.


Innate Abilities, Weirdness & Mutations

You are immune to sickness and miasma.
Your stone body is resilient. (AC +12)
You are immune to poison.
Your large and strong wings let you fly.
You resist negative energy. (rN+)
You are resistant to electric shocks. (rElec)
You are resistant to unholy torment.
You are immune to petrification.
You are agile. (Dex +4, Str/Int -1)


   Skills:
 - Level 17.0(22.0) Fighting
 - Level 16.0(21.0) Ranged Weapons
 - Level 8.0(13.0) Armour
 + Level 11.9(16.9) Dodging
 - Level 1.1(6.1) Stealth
 - Level 10.0 Invocations


You had 15 spell levels left.
You didn't know any spells.
Your spell library was empty.

Inventory:

Hand Weapons
 Y - a +3 orcbow of draining (weapon)
Armour
 e - a +0 troll leather armour
 l - the +0 pair of gloves of Kewituca (worn) {Will+}
   (You found it on level 4 of the Dungeon)

   Will+:     It increases your willpower.
 m - the scarf of Zirchiw (worn) {shadows, rN+ Regen+ Dex-2}
   (Okawaru gifted it to you on level 3 of the Lair of Beasts)

   Dex-2:     It affects your dexterity (-2).
   rN+:       It protects you from negative energy.
   Regen+:    It increases your rate of health regeneration.
 r - the +3 pair of boots of Loxel (worn) {rPois Dex+3 Stlth+}
   (Okawaru gifted it to you on level 13 of the Dungeon)

   Dex+3:     It affects your dexterity (+3).
   rPois:     It protects you from poison Stlth+: It makes you more stealthy.
 s - a +2 robe of resistance (worn)
Jewellery
 d - a +5 ring of evasion (left hand)
 g - an amulet of reflection (around neck)
 o - a ring of see invisible (right hand)
 u - a +4 ring of protection
 v - a ring of fire
 w - a ring of protection from fire
Scrolls
 j - 8 scrolls of teleportation
 n - 10 scrolls of identify
 p - a scroll of enchant armour
Potions
 a - a potion of enlightenment
 b - 2 potions of mutation
 f - 4 potions of curing
 k - 3 potions of might
 t - a potion of cancellation

Dungeon Overview and Level Annotations

Branches:
Dungeon (15/15)            Temple (0/1) D:7            Lair (5/5) D:9
  Swamp (0/4) Lair:3       Spider (0/4) Lair:3        Slime (0/5) Lair:5
    Orc (2/2) D:10            Elf (0/3) Orc:2        Vaults (0/5) D:14
 Depths (0/4) D:15          Sewer (visited)

Altars:
Cheibriados
Dithmenos
Elyvilon
Gozag
Kikubaaqudgha
Makhleb
Okawaru
Uskayaw
Wu Jian
Xom
Yredelemnul

Shops:
D:3 *   D:9 (   D:13 =   Orc:2 [

Portals:
Trove: D:14 (show slimy rune of Zot)

Annotations:
D:10 exclusion: orange crystal statue
D:12 4 transporters
Lair:2 1 runed translucent door, qw's ghost, journeyman DEHu


Message History

Enter note:
Enter note:
Enter note:
19932 |||
Found retreat position at -2,1 (floor) with 0 blocking monsters and 3 monsters attacking at destination at distance 2
19932 ||| Stepping ~*~*~tactically~*~*~ (retreating).
The two-headed ogre hits you with a +0 giant club!!
The two-headed ogre misses you.
Enter note:
Enter note:
Enter note:
19933 |||
Found retreat position at -1,0 (floor) with 0 blocking monsters and 3 monsters attacking at destination at distance 1
19933 ||| Stepping ~*~*~tactically~*~*~ (retreating).
The orc high priest mumbles some strange prayers to Beogh against you.
Beogh smites you! You block the rust devil's attack.
Enter note:
Enter note:
Enter note:
19935 |||
Found retreat position at -1,-1 (floor) with 0 blocking monsters and 4 monsters attacking at destination at distance 1
19935 ||| Stepping ~*~*~tactically~*~*~ (retreating).
The two-headed ogre hits you with a +0 giant club!
The two-headed ogre misses you.
The orc high priest calls down the wrath of Beogh upon you.
Beogh smites you!
The orc priest calls down the wrath of Beogh upon you.
Beogh smites you!
The rust devil attacks as it pursues you!
The rust devil completely misses you.
You shoot an arrow. The arrow hits the two-headed ogre!
The two-headed ogre is moderately wounded.
The orc high priest invokes the aid of Beogh against you.
Beogh smites you!
19937 ||| READING 9 scrolls of teleportation.
As you read the scroll of teleportation, it crumbles to dust.
You feel strangely unstable. The two-headed ogre misses you.
The two-headed ogre hits you with a +0 giant spiked club.
The two-headed ogre hits you with a +0 giant club!!
The two-headed ogre hits you with a +0 giant spiked club!
You die...

##...............#.
#..................
##..##........4....
####......#..o3#.#
#......##...#.#
#....<.#.#)....
###..#..3...#.#..
##O4oC#..o..###4..
#@Oo.#)C3...#..4..
##4o###o..O...4..#
##....##...#.#.####
#####.....###.##....# #
##.##.......####....##
##...##......###....##
#.....##......###.###
##.#.........###.ยค..###
###.....##.## ##.....##


You could see an orc high priest (drained), 2 two-headed ogres, a cyclops, an
ice devil (summoned), a rust devil (summoned), an orc warrior and an orc priest.

Vanquished Creatures
  A lich (Abyss:3)
  2 tentacled starspawn (Abyss:3)
  Louise (D:15)
  A dire elephant (D:15)
  A rakshasa (Abyss:3)
  2 ogre magi
  2 boulder beetles
  8 hydras
  A tengu warrior (D:13)
  Erica (D:11)
  6 centaur warriors
  8 death yaks
  9 two-headed ogres
  A demonic crawler (Lair:3)
  2 thrashing horrors (Abyss:3)
  Nergalle (D:10)
  A wretched star (Abyss:3)
  A skyshark (Lair:5)
  A deep troll (Orc:2)
  Pikel (D:6)
  A wizard (D:15)
  An orc knight (D:10)
  7 ugly things
  2 orc sorcerers (Orc:2)
  A salamander (D:15)
  2 deep elf pyromancers
  5 cyclopes
  A shining eye (Abyss:3)
  2 manticores (D:15)
  5 elephants (Lair:4)
  11 slime creatures
  23 cane toads
  7 black mambas
  An unseen horror (shapeshifter) (D:14)
  A torpor snail (Lair:1)
  4 gargoyles
  10 komodo dragons
  A smoke demon (Abyss:3)
  An unseen horror (D:10)
  2 kobold demonologists (D:12)
  8 rime drakes
  Psyche (D:8)
  3 tengu conjurers (D:13)
  A freezing wraith (D:14)
  2 ancient zymes (Abyss:3)
  11 trolls
  A polar bear (Lair:5)
  Grinder (D:4)
  3 tyrant leeches
  28 blink frogs
  2 shadows (D:12)
  A centaur simulacrum (D:15)
  Sigmund (D:5)
  2 wraiths
  A fire bat (Abyss:3)
  42 yaks
  2 vampires
  4 wyverns
  A steam dragon (Lair:2)
  4 basilisks
  A chaos spawn (Abyss:3)
  2 wargs
  7 vampire mosquitoes
  3 swamp worms (Lair:3)
  18 water moccasins
  11 orc warriors
  2 sky beasts
  2 black bears
  17 ogres
  13 wolves
  9 centaurs
  2 kobold brigands
  Blork the orc (D:5)
  21 bullfrogs
  5 scorpions
  7 wights
  3 killer bees (D:10)
  2 small abominations (Abyss:3)
  2 electric eels (Lair:5)
  5 howler monkeys
  A jelly (D:7)
  A gnoll bouda (D:6)
  3 hounds
  14 orc priests
  2 sleepcaps
  Jessica (D:2)
  3 iguanas
  18 orc wizards
  6 adders
  10 gnolls
  2 shadow imps (D:6)
  3 ufetubi
  5 worms
  4 dart slugs
  77 orcs
  A bat (D:1)
  9 endoplasms
  7 giant cockroaches
  7 goblins
  6 hobgoblins
  A jackal (Sewer)
  3 quokkas
  5 ball pythons
  2 frilled lizards
  15 kobolds
  7 rats
  3 starspawn tentacles (Abyss:3)
607 creatures vanquished.

Vanquished Creatures (others)
  Sonja (D:10)
  A smoke demon (Abyss:3)
  A hellwing (Abyss:3)
  A quasit (Abyss:3)
  3 starspawn tentacles (Abyss:3)
7 creatures vanquished.

Grand Total: 614 creatures vanquished

Notes
Turn   | Place    | Note
-------+----------+-------------------------------------------
     0 | D:1      | qw the Gargoyle Hunter began the quest for the Orb.
     0 | D:1      | Reached XP level 1. HP: 12/12 MP: 1/1
     0 | D:1      | 0 ||| qw: Version: 0.3-a-76-g4403597
     0 | D:1      | 0 ||| qw: Game counter: 239
     0 | D:1      | 0 ||| qw: Melee chars always use a shield: true
     0 | D:1      | 0 ||| qw: God list: Okawaru
     0 | D:1      | 0 ||| qw: Allow faded altars: false
     0 | D:1      | 0 ||| qw: Do Orc after clearing Dungeon:15 true
     0 | D:1      | 0 ||| qw: Do second Lair branch before Depths: true
     0 | D:1      | 0 ||| qw: Lair rune preference: random
     0 | D:1      | 0 ||| qw: Goals: Normal
     0 | D:1      | 0 ||| PLANNING D:1-11
   231 | D:1      | Reached XP level 2. HP: 17/17 MP: 2/2
   260 | D:1      | 260 ||| Stepping ~*~*~tactically~*~*~ (outnumbered).
   392 | D:1      | Found a faded altar of an unknown god.
   486 | D:1      | 486 ||| UPGRADING to +0 ring mail.
   496 | D:1      | 496 ||| DROPPING +0 leather armour.
   497 | D:1      | 497 ||| UPGRADING to +5 ring of evasion.
   498 | D:1      | 498 ||| READING scroll labelled UDALIE OMEO.
   499 | D:1      | 499 ||| READING scroll labelled WIUSAD SOLEUNK.
   500 | D:1      | 500 ||| READING scroll labelled BAAG ZOUCLAOWK.
   501 | D:1      | 501 ||| READING scroll labelled TOISANODDU.
   502 | D:1      | 502 ||| DRINKING 2 green potions.
   503 | D:1      | 503 ||| DRINKING 2 dark potions.
   504 | D:1      | 504 ||| DROPPING scroll of butterflies.
   505 | D:1      | 505 ||| DROPPING potion of brilliance.
   537 | D:2      | Reached skill level 1 in Armour
   537 | D:2      | Reached XP level 3. HP: 21/21 MP: 3/3
   577 | D:2      | Noticed Jessica
   587 | D:2      | Killed Jessica
   588 | D:2      | Reached XP level 4. HP: 13/26 MP: 4/4
   953 | D:2      | Reached skill level 3 in Fighting
  1211 | D:2      | 1211 ||| UPGRADING to +0 pair of gloves.
  1216 | D:2      | 1216 ||| READING scroll labelled QINENAHEIL.
  1217 | D:2      | 1217 ||| READING scroll labelled ZENICH BAOLIUS.
  1218 | D:2      | 1218 ||| READING scroll labelled LIUFIHUOKE.
  1219 | D:2      | 1219 ||| DRINKING 5 lumpy green potions.
  1272 | D:3      | 1272 ||| Stepping ~*~*~tactically~*~*~ (retreating).
  1275 | D:3      | 1275 ||| Stepping ~*~*~tactically~*~*~ (retreating).
  1280 | D:3      | 1280 ||| Stepping ~*~*~tactically~*~*~ (retreating).
  1286 | D:3      | Reached XP level 5. HP: 27/32 MP: 5/5
  1296 | D:3      | Reached skill level 6 in Ranged Weapons
  1324 | D:3      | HP: 7/32 [something (4)]
  1527 | D:3      | Reached skill level 4 in Fighting
  1527 | D:3      | Reached XP level 6. HP: 37/38 MP: 6/6
  1620 | D:3      | Found Tucwida's Assorted Antiques.
  1626 | D:3      | 1626 ||| BUYING clouded bronze ring (110 gold).
  1626 | D:3      | Bought a clouded bronze ring for 110 gold pieces
  1626 | D:3      | Identified the ring "Liufof" {Str+3 Int+6} (You bought it
                  | in a shop on level 3 of the Dungeon)
  1626 | D:3      | 1626 ||| SHOPLISTING glowing robe (81 gold, have 33).
  1626 | D:3      | 1626 ||| BUYING metallic green potion (19 gold).
  1626 | D:3      | Bought a metallic green potion for 19 gold pieces
  1626 | D:3      | 1626 ||| SHOPLISTING potion of heal wounds (110 gold, have
                  | 14).
  1626 | D:3      | 1626 ||| SHOPLISTING scroll labelled CES AGAKHLO (22 gold,
                  | have 14).
  1626 | D:3      | 1626 ||| SHOPLISTING shiny cabochon ring (110 gold, have
                  | 14).
  2125 | D:3      | 2125 ||| UPGRADING to ring "Liufof" {Str+3 Int+6}.
  2126 | D:3      | 2126 ||| READING 4 scrolls labelled CES AGAKHLO.
  2162 | D:4      | 2162 ||| PLANNING SEWER
  2295 | D:4      | Identified the +0 pair of gloves of Kewituca {Will+}
  2419 | D:4      | Noticed Grinder
  2427 | D:4      | Killed Grinder
  2428 | D:4      | Reached XP level 7. HP: 39/43 MP: 7/7
  2509 | D:4      | Found a glowing drain.
  2510 | D:4      | 2510 ||| UPGRADING to +0 pair of gloves of Kewituca
                  | {Will+}.
  2520 | D:4      | 2520 ||| DROPPING +0 pair of gloves.
  2521 | D:4      | 2521 ||| UPGRADING to amulet of guardian spirit.
  2539 | Sewer    | Entered a sewer
  2547 | Sewer    | 2547 ||| Stepping ~*~*~tactically~*~*~ (water).
  2549 | Sewer    | 2549 ||| Stepping ~*~*~tactically~*~*~ (water).
  2562 | Sewer    | 2562 ||| READING scroll of brand weapon.
  2562 | Sewer    | 2562 ||| BRANDING +0 shortbow of chaos.
  2639 | Sewer    | 2639 ||| READING scroll labelled HAFROQ OXILITT.
  2657 | D:4      | 2657 ||| PLANNING D:1-11
  3049 | D:5      | Entered Level 5 of the Dungeon
  3268 | D:5      | Noticed Blork the orc
  3271 | D:5      | Killed Blork the orc
  3272 | D:5      | Reached skill level 5 in Fighting
  3371 | D:5      | 3371 ||| Stepping ~*~*~tactically~*~*~ (outnumbered).
  3372 | D:5      | 3372 ||| Stepping ~*~*~tactically~*~*~ (outnumbered).
  3373 | D:5      | 3373 ||| Stepping ~*~*~tactically~*~*~ (outnumbered).
  3374 | D:5      | 3374 ||| Stepping ~*~*~tactically~*~*~ (outnumbered).
  3376 | D:5      | 3376 ||| Stepping ~*~*~tactically~*~*~ (outnumbered).
  3377 | D:5      | 3377 ||| Stepping ~*~*~tactically~*~*~ (outnumbered).
  3378 | D:5      | 3378 ||| Stepping ~*~*~tactically~*~*~ (outnumbered).
  3379 | D:5      | 3379 ||| Stepping ~*~*~tactically~*~*~ (outnumbered).
  3514 | D:5      | Found an ancient bone altar of Kikubaaqudgha.
  3985 | D:5      | Reached skill level 3 in Armour
  3985 | D:5      | Reached XP level 8. HP: 41/50 MP: 6/8
  4024 | D:5      | Noticed Sigmund
  4044 | D:5      | Killed Sigmund
  4271 | D:5      | 4271 ||| UPGRADING to ring of protection from cold.
  4273 | D:5      | 4273 ||| DRINKING 2 lumpy clear potions.
  4273 | D:5      | Gained mutation: Potions are less effective at restoring
                  | your health. [potion of mutation]
  4273 | D:5      | Gained mutation: You have a pair of small horns on your
                  | head. [potion of mutation]
  4274 | D:5      | 4274 ||| DRINKING potion of mutation.
  4274 | D:5      | Lost mutation: Potions are less effective at restoring your
                  | health. [potion of mutation]
  4274 | D:5      | Lost mutation: You have a pair of small horns on your head.
                  | [potion of mutation]
  4274 | D:5      | Gained mutation: You have hidden genetic defects. [potion
                  | of mutation]
  4274 | D:5      | Gained mutation: You are strong-willed. (Will+) [potion of
                  | mutation]
  4274 | D:5      | Gained mutation: Your spells are a little harder to cast,
                  | but a little more powerful. [potion of mutation]
  4275 | D:5      | 4275 ||| READING 2 scrolls of identify.
  4275 | D:5      | 4275 ||| IDENTIFYING sedimented dark potion
  4276 | D:5      | 4276 ||| DROPPING potion of magic.
  4283 | D:6      | 4283 ||| STAIRDANCE
  4381 | D:6      | 4381 ||| Stepping ~*~*~tactically~*~*~ (outnumbered).
  4388 | D:6      | 4388 ||| Stepping ~*~*~tactically~*~*~ (outnumbered).
  4410 | D:6      | Gained mutation: You occasionally lose the ability to drink
                  | potions when taking damage. [hidden defects]
  4512 | D:6      | Reached skill level 9 in Ranged Weapons
  4515 | D:6      | Found a white marble altar of Elyvilon.
  4585 | D:6      | Noticed Pikel
  4595 | D:6      | Killed Pikel
  4596 | D:6      | Reached skill level 7 in Fighting
  4596 | D:6      | Reached XP level 9. HP: 29/59 MP: 4/9
  4612 | D:6      | Gained mutation: You are clumsy. (Dex -2) [hidden defects]
  4612 | D:6      | Lost mutation: You have hidden genetic defects. [hidden
                  | defects expressed]
  4745 | D:6      | 4745 ||| Stepping ~*~*~tactically~*~*~ (outnumbered).
  4749 | D:6      | 4749 ||| Stepping ~*~*~tactically~*~*~ (outnumbered).
  4851 | D:6      | Found a burning altar of Makhleb.
  5216 | D:6      | 5216 ||| DROPPING ring of positive energy.
  5217 | D:6      | 5217 ||| READING 2 scrolls of identify.
  5217 | D:6      | 5217 ||| IDENTIFYING metallic green potion
  5218 | D:6      | 5218 ||| DROPPING potion of lignification.
  5230 | D:7      | 5230 ||| STAIRDANCE
  5276 | D:7      | 5276 ||| DRINKING potion of mutation.
  5276 | D:7      | Lost mutation: You are clumsy. (Dex -2) [potion of
                  | mutation]
  5276 | D:7      | Lost mutation: You are strong-willed. (Will+) [potion of
                  | mutation]
  5276 | D:7      | Lost mutation: Your spells are a little harder to cast, but
                  | a little more powerful. [potion of mutation]
  5276 | D:7      | Gained mutation: Your spells are a little harder to cast,
                  | but a little more powerful. [potion of mutation]
  5276 | D:7      | Gained mutation: You expend magic power (3 MP) to
                  | strengthen your wands. [potion of mutation]
  5282 | D:7      | Found a shadowy altar of Dithmenos.
  5297 | D:7      | Found an iron altar of Okawaru.
  5297 | D:7      | Found a shimmering altar of Xom.
  5298 | D:7      | 5298 ||| PLANNING OKAWARU WORSHIP
  5298 | D:7      | Found a hide-covered altar of Uskayaw.
  5300 | D:7      | Found a basalt altar of Yredelemnul.
  5305 | D:7      | Became a worshipper of Warmaster Okawaru
  5306 | D:7      | 5306 ||| PLANNING D:1-11
  5306 | D:7      | 5306 ||| REMOVING amulet of guardian spirit.
  5333 | D:7      | Found a staircase to the Ecumenical Temple.
  5444 | D:7      | 5444 ||| FLEEEEING.
  5445 | D:7      | 5445 ||| FLEEEEING.
  5446 | D:7      | 5446 ||| FLEEEEING.
  5507 | D:7      | 5507 ||| SWAPPING to +0 orcbow.
  5508 | D:7      | 5508 ||| DROPPING +0 heavy shortbow.
  5509 | D:7      | 5509 ||| READING scroll of brand weapon.
  5509 | D:7      | 5509 ||| BRANDING +0 orcbow.
  5611 | D:7      | 5611 ||| DROPPING amulet of guardian spirit.
  5612 | D:7      | 5612 ||| READING 3 scrolls of identify.
  5612 | D:7      | 5612 ||| IDENTIFYING metallic black potion
  5613 | D:7      | 5613 ||| READING 2 scrolls of identify.
  5613 | D:7      | 5613 ||| IDENTIFYING blue potion
  5614 | D:7      | 5614 ||| DROPPING potion of berserk rage.
  5627 | D:8      | 5627 ||| STAIRDANCE
  5660 | D:8      | Noticed Psyche
  5666 | D:8      | Killed Psyche
  5666 | D:8      | Reached * piety under Okawaru
  5691 | D:8      | Reached skill level 3 in Dodging
  5761 | D:8      | Reached skill level 8 in Fighting
  5761 | D:8      | Reached skill level 1 in Invocations
  5833 | D:8      | 5833 ||| INVOKING Heroism.
  5897 | D:8      | Reached XP level 10. HP: 64/64 MP: 11/11
  5911 | D:8      | 5911 ||| INVOKING Heroism.
  6002 | D:8      | Reached skill level 3 in Invocations
  6024 | D:8      | 6024 ||| READING scroll of brand weapon.
  6024 | D:8      | 6024 ||| BRANDING +0 orcbow of freezing.
  6371 | D:8      | 6371 ||| UPGRADING to amulet of reflection.
  6376 | D:8      | 6376 ||| DROPPING ring "Liufof" {Str+3 Int+6}.
  6377 | D:8      | 6377 ||| READING 2 scrolls of identify.
  6377 | D:8      | 6377 ||| IDENTIFYING emerald potion
  6378 | D:8      | 6378 ||| DROPPING potion of degeneration.
  6439 | D:9      | 6439 ||| RETREATING.
  6439 | D:9      | Found a staircase to the Lair.
  6441 | D:9      | 6441 ||| Stepping ~*~*~tactically~*~*~ (retreating).
  6442 | D:9      | 6442 ||| Stepping ~*~*~tactically~*~*~ (retreating).
  6443 | D:9      | 6443 ||| Stepping ~*~*~tactically~*~*~ (retreating).
  6451 | D:9      | 6451 ||| INVOKING Heroism.
  6472 | D:9      | Reached ** piety under Okawaru
  6477 | D:9      | Reached skill level 12 in Ranged Weapons
  6481 | D:9      | 6481 ||| INVOKING Heroism.
  6719 | D:9      | 6719 ||| INVOKING Heroism.
  7156 | D:9      | Found Cisen's Weapon Boutique.
  7368 | D:9      | 7368 ||| PLANNING LAIR
  7368 | D:9      | 7368 ||| READING 2 scrolls labelled BAITUOPHEBO.
  7369 | D:9      | 7369 ||| READING scroll of enchant weapon.
  7369 | D:9      | 7369 ||| ENCHANTING +1 orcbow of flaming.
  7370 | D:9      | 7370 ||| READING 4 scrolls of identify.
  7370 | D:9      | 7370 ||| IDENTIFYING smoky ruby potion
  7371 | D:9      | 7371 ||| DROPPING potion of invisibility.
  7406 | Lair:1   | Entered Level 1 of the Lair of Beasts
  7433 | Lair:1   | Noticed a cane toad
  7434 | Lair:1   | 7434 ||| INVOKING Heroism.
  7442 | Lair:1   | Killed a cane toad
  7480 | Lair:1   | Reached skill level 9 in Fighting
  7506 | Lair:1   | Noticed a black mamba
  7507 | Lair:1   | 7507 ||| INVOKING Heroism.
  7511 | Lair:1   | Killed a black mamba
  7541 | Lair:1   | 7541 ||| DRINKING potion of mutation.
  7541 | Lair:1   | Lost mutation: Your spells are a little harder to cast, but
                  | a little more powerful. [potion of mutation]
  7541 | Lair:1   | Lost mutation: You occasionally lose the ability to drink
                  | potions when taking damage. [potion of mutation]
  7541 | Lair:1   | Lost mutation: You expend magic power (3 MP) to strengthen
                  | your wands. [potion of mutation]
  7541 | Lair:1   | Gained mutation: You are agile. (Dex +4, Str/Int -1)
                  | [potion of mutation]
  7544 | Lair:1   | 7544 ||| INVOKING Heroism.
  7551 | Lair:1   | Reached XP level 11. HP: 71/71 MP: 11/14
  7576 | Lair:1   | Identified the +8 flail of Linearity {vamp, rC+}
  7595 | Lair:1   | 7595 ||| RETREATING.
  7610 | Lair:1   | Reached *** piety under Okawaru
  7641 | Lair:1   | 7641 ||| RETREATING.
  7644 | Lair:1   | 7644 ||| INVOKING Heroism.
  7681 | Lair:1   | 7681 ||| INVOKING Heroism.
  7712 | Lair:1   | 7712 ||| INVOKING Heroism.
  7761 | Lair:1   | Found an opulent altar of Gozag.
  7798 | Lair:1   | 7798 ||| Stepping ~*~*~tactically~*~*~ (retreating).
  7799 | Lair:1   | 7799 ||| Stepping ~*~*~tactically~*~*~ (retreating).
  7800 | Lair:1   | 7800 ||| Stepping ~*~*~tactically~*~*~ (retreating).
  7853 | Lair:1   | 7853 ||| INVOKING Heroism.
  7966 | Lair:1   | 7966 ||| INVOKING Heroism.
  8074 | Lair:1   | 8074 ||| INVOKING Heroism.
  8077 | Lair:1   | Reached skill level 10 in Fighting
  8097 | Lair:1   | 8097 ||| INVOKING Heroism.
  8391 | Lair:1   | Noticed a death yak
  8392 | Lair:1   | 8392 ||| RETREATING.
  8393 | Lair:1   | 8393 ||| INVOKING Heroism.
  8420 | Lair:1   | Noticed a death yak
  8420 | Lair:1   | Noticed a death yak
  8421 | Lair:1   | 8421 ||| RETREATING.
  8422 | Lair:1   | 8422 ||| INVOKING Heroism.
  8436 | Lair:1   | Killed a death yak
  8438 | Lair:1   | Noticed a death yak
  8446 | Lair:1   | 8446 ||| INVOKING Heroism.
  8448 | Lair:1   | Killed a death yak
  8448 | Lair:1   | Reached **** piety under Okawaru
  8462 | Lair:1   | 8462 ||| INVOKING Heroism.
  8462 | Lair:1   | HP: 16/72 [death yak (20)]
  8463 | Lair:1   | 8463 ||| READING 8 scrolls of teleportation.
  8464 | Lair:1   | 8464 ||| DRINKING 6 potions of heal wounds.
  8542 | Lair:1   | 8542 ||| FLEEEEING.
  8547 | Lair:1   | 8547 ||| STAIRDANCE
  8582 | D:9      | 8582 ||| DROPPING ring of resist corrosion.
  8583 | D:9      | 8583 ||| DRINKING 2 sapphire potions.
  8594 | Lair:1   | 8594 ||| RETREATING.
  8600 | Lair:1   | 8600 ||| Stepping ~*~*~tactically~*~*~ (retreating).
  8603 | Lair:1   | 8603 ||| INVOKING Heroism.
  8606 | Lair:1   | 8606 ||| Stepping ~*~*~tactically~*~*~ (retreating).
  8615 | Lair:1   | Killed a death yak
  8625 | Lair:1   | Killed a death yak
  8626 | Lair:1   | Reached XP level 12. HP: 65/77 MP: 15/15
  8836 | Lair:2   | 8836 ||| INVOKING Heroism.
  8837 | Lair:2   | 8837 ||| RETREATING.
  8851 | Lair:2   | 8851 ||| Stepping ~*~*~tactically~*~*~ (retreating).
  8855 | Lair:2   | 8855 ||| INVOKING Heroism.
  8857 | Lair:2   | 8857 ||| Stepping ~*~*~tactically~*~*~ (retreating).
  8858 | Lair:2   | 8858 ||| Stepping ~*~*~tactically~*~*~ (retreating).
  8859 | Lair:2   | 8859 ||| Stepping ~*~*~tactically~*~*~ (retreating).
  8859 | Lair:2   | Found a runed translucent door.
  8860 | Lair:2   | 8860 ||| Stepping ~*~*~tactically~*~*~ (retreating).
  8861 | Lair:2   | 8861 ||| Stepping ~*~*~tactically~*~*~ (retreating).
  8862 | Lair:2   | 8862 ||| Stepping ~*~*~tactically~*~*~ (retreating).
  9003 | Lair:2   | 9003 ||| INVOKING Heroism.
  9006 | Lair:2   | Reached skill level 15 in Ranged Weapons
  9079 | Lair:2   | Reached skill level 6 in Invocations
  9102 | Lair:2   | 9102 ||| INVOKING Heroism.
  9164 | Lair:2   | Identified the +5 spear of the Kissing Stork {freeze,
                  | Will++}
  9168 | Lair:2   | Noticed qw's ghost (journeyman DEHu)
  9417 | Lair:2   | Noticed a death yak
  9418 | Lair:2   | 9418 ||| INVOKING Heroism.
  9430 | Lair:2   | Killed a death yak
  9473 | Lair:2   | Noticed a death yak
  9473 | Lair:2   | Noticed a death yak
  9474 | Lair:2   | 9474 ||| RETREATING.
  9483 | Lair:2   | 9483 ||| INVOKING Heroism.
  9497 | Lair:2   | Killed a death yak
  9497 | Lair:2   | Noticed a death yak
  9510 | Lair:2   | Killed a death yak
  9518 | Lair:2   | 9518 ||| INVOKING Heroism.
  9525 | Lair:2   | Killed a death yak
  9802 | Lair:2   | 9802 ||| DROPPING scarf of shadows.
  9803 | Lair:2   | 9803 ||| DROPPING ring of ice.
  9804 | Lair:2   | 9804 ||| READING 3 scrolls of identify.
  9804 | Lair:2   | 9804 ||| IDENTIFYING viscous pink potion
  9805 | Lair:2   | 9805 ||| DROPPING potion of ambrosia.
  9827 | Lair:3   | 9827 ||| RETREATING.
  9828 | Lair:3   | 9828 ||| Stepping ~*~*~tactically~*~*~ (retreating).
  9829 | Lair:3   | 9829 ||| Stepping ~*~*~tactically~*~*~ (retreating).
  9830 | Lair:3   | 9830 ||| Stepping ~*~*~tactically~*~*~ (retreating).
  9844 | Lair:3   | 9844 ||| INVOKING Heroism.
  9850 | Lair:3   | HP: 19/77 [yak (11)]
  9851 | Lair:3   | 9851 ||| READING 7 scrolls of teleportation.
  9851 | Lair:3   | HP: 6/77 [yak (5)]
  9852 | Lair:3   | 9852 ||| DRINKING 5 potions of heal wounds.
  9855 | Lair:3   | Reached ***** piety under Okawaru
  9996 | Lair:3   | 9996 ||| INVOKING Heroism.
 10025 | Lair:3   | 10025 ||| Stepping ~*~*~tactically~*~*~ (outnumbered).
 10027 | Lair:3   | 10027 ||| Stepping ~*~*~tactically~*~*~ (outnumbered).
 10029 | Lair:3   | 10029 ||| Stepping ~*~*~tactically~*~*~ (outnumbered).
 10031 | Lair:3   | 10031 ||| Stepping ~*~*~tactically~*~*~ (water).
 10032 | Lair:3   | 10032 ||| INVOKING Heroism.
 10149 | Lair:3   | 10149 ||| Stepping ~*~*~tactically~*~*~ (water).
 10150 | Lair:3   | 10150 ||| RETREATING.
 10151 | Lair:3   | 10151 ||| Stepping ~*~*~tactically~*~*~ (retreating).
 10152 | Lair:3   | 10152 ||| INVOKING Heroism.
 10246 | Lair:3   | Noticed a six-headed hydra
 10246 | Lair:3   | Noticed an eight-headed hydra
 10247 | Lair:3   | 10247 ||| INVOKING Heroism.
 10251 | Lair:3   | Killed an eight-headed hydra
 10255 | Lair:3   | Killed a six-headed hydra
 10256 | Lair:3   | Reached skill level 9 in Invocations
 10312 | Lair:3   | Found a staircase to the Swamp.
 10363 | Lair:3   | 10363 ||| INVOKING Heroism.
 10387 | Lair:3   | Noticed a demonic crawler
 10391 | Lair:3   | 10391 ||| RETREATING.
 10396 | Lair:3   | 10396 ||| Stepping ~*~*~tactically~*~*~ (retreating).
 10408 | Lair:3   | Killed a demonic crawler
 10408 | Lair:3   | Identified the scarf of Zirchiw {shadows, rN+ Regen+ Dex-2}
                  | (Okawaru gifted it to you on level 3 of the Lair of Beasts)
 10408 | Lair:3   | Received a gift from Okawaru
 10409 | Lair:3   | Reached XP level 13. HP: 72/84 MP: 19/19
 10595 | Lair:3   | Found a hole to the Spider Nest.
 10680 | Lair:3   | 10680 ||| INVOKING Heroism.
 10688 | Lair:3   | Reached skill level 11 in Fighting
 10730 | Lair:3   | 10730 ||| INVOKING Heroism.
 10826 | Lair:3   | 10826 ||| RETREATING.
 10833 | Lair:3   | 10833 ||| Stepping ~*~*~tactically~*~*~ (retreating).
 10834 | Lair:3   | 10834 ||| Stepping ~*~*~tactically~*~*~ (retreating).
 10835 | Lair:3   | 10835 ||| Stepping ~*~*~tactically~*~*~ (retreating).
 10836 | Lair:3   | 10836 ||| Stepping ~*~*~tactically~*~*~ (retreating).
 10837 | Lair:3   | 10837 ||| Stepping ~*~*~tactically~*~*~ (retreating).
 10838 | Lair:3   | 10838 ||| Stepping ~*~*~tactically~*~*~ (retreating).
 10839 | Lair:3   | 10839 ||| Stepping ~*~*~tactically~*~*~ (retreating).
 10847 | Lair:3   | Reached skill level 6 in Dodging
 11021 | Lair:3   | 11021 ||| UPGRADING to +0 pair of boots.
 11026 | Lair:3   | 11026 ||| UPGRADING to scarf of Zirchiw {shadows, rN+
                  | Regen+ Dex-2}.
 11031 | Lair:3   | 11031 ||| READING 2 scrolls of enchant armour.
 11031 | Lair:3   | 11031 ||| ENCHANTING +0 pair of boots.
 11032 | Lair:3   | 11032 ||| READING scroll of enchant armour.
 11032 | Lair:3   | 11032 ||| ENCHANTING +1 pair of boots.
 11112 | Lair:4   | 11112 ||| Stepping ~*~*~tactically~*~*~ (retreating).
 11113 | Lair:4   | 11113 ||| Stepping ~*~*~tactically~*~*~ (retreating).
 11140 | Lair:4   | 11140 ||| INVOKING Heroism.
 11178 | Lair:4   | Reached skill level 6 in Armour
 11190 | Lair:4   | 11190 ||| RETREATING.
 11192 | Lair:4   | 11192 ||| Stepping ~*~*~tactically~*~*~ (retreating).
 11193 | Lair:4   | 11193 ||| Stepping ~*~*~tactically~*~*~ (retreating).
 11283 | Lair:4   | 11283 ||| INVOKING Heroism.
 11285 | Lair:4   | 11285 ||| RETREATING.
 11304 | Lair:4   | 11304 ||| Stepping ~*~*~tactically~*~*~ (retreating).
 11310 | Lair:4   | 11310 ||| Stepping ~*~*~tactically~*~*~ (retreating).
 11313 | Lair:4   | 11313 ||| Stepping ~*~*~tactically~*~*~ (retreating).
 11314 | Lair:4   | 11314 ||| Stepping ~*~*~tactically~*~*~ (retreating).
 11319 | Lair:4   | Reached skill level 12 in Fighting
 11383 | Lair:4   | 11383 ||| RETREATING.
 11422 | Lair:4   | 11422 ||| RETREATING.
 11607 | Lair:4   | 11607 ||| INVOKING Heroism.
 11665 | Lair:4   | 11665 ||| INVOKING Heroism.
 11985 | Lair:4   | 11985 ||| UPGRADING to ring of see invisible.
 11987 | Lair:4   | 11987 ||| READING scroll labelled XUNGEBL POKUURYDWY.
 12026 | Lair:5   | Entered Level 5 of the Lair of Beasts
 12044 | Lair:5   | 12044 ||| INVOKING Heroism.
 12073 | Lair:5   | Reached skill level 13 in Fighting
 12080 | Lair:5   | Identified the +0 plate armour "Riuroh" {rF++ rN+++ Str-3
                  | Dex-3} (Okawaru gifted it to you on level 5 of the Lair of
                  | Beasts)
 12080 | Lair:5   | Received a gift from Okawaru
 12121 | Lair:5   | 12121 ||| INVOKING Heroism.
 12124 | Lair:5   | 12124 ||| RETREATING.
 12130 | Lair:5   | 12130 ||| Stepping ~*~*~tactically~*~*~ (retreating).
 12131 | Lair:5   | 12131 ||| Stepping ~*~*~tactically~*~*~ (retreating).
 12132 | Lair:5   | 12132 ||| Stepping ~*~*~tactically~*~*~ (retreating).
 12133 | Lair:5   | 12133 ||| Stepping ~*~*~tactically~*~*~ (retreating).
 12134 | Lair:5   | 12134 ||| Stepping ~*~*~tactically~*~*~ (retreating).
 12135 | Lair:5   | 12135 ||| Stepping ~*~*~tactically~*~*~ (retreating).
 12136 | Lair:5   | 12136 ||| Stepping ~*~*~tactically~*~*~ (retreating).
 12144 | Lair:5   | 12144 ||| INVOKING Heroism.
 12254 | Lair:5   | 12254 ||| INVOKING Heroism.
 12310 | Lair:5   | 12310 ||| Stepping ~*~*~tactically~*~*~ (retreating).
 12311 | Lair:5   | 12311 ||| Stepping ~*~*~tactically~*~*~ (retreating).
 12312 | Lair:5   | 12312 ||| Stepping ~*~*~tactically~*~*~ (retreating).
 12314 | Lair:5   | 12314 ||| Stepping ~*~*~tactically~*~*~ (retreating).
 12315 | Lair:5   | 12315 ||| Stepping ~*~*~tactically~*~*~ (retreating).
 12318 | Lair:5   | 12318 ||| Stepping ~*~*~tactically~*~*~ (retreating).
 12379 | Lair:5   | 12379 ||| INVOKING Heroism.
 12387 | Lair:5   | Gained mutation: Your large and strong wings let you fly.
                  | [Gargoyle growth]
 12387 | Lair:5   | Reached XP level 14. HP: 91/94 MP: 19/21
 12513 | Lair:5   | 12513 ||| INVOKING Heroism.
 12565 | Lair:5   | Reached skill level 14 in Fighting
 12603 | Lair:5   | 12603 ||| INVOKING Heroism.
 12637 | Lair:5   | 12637 ||| RETREATING.
 12643 | Lair:5   | 12643 ||| Stepping ~*~*~tactically~*~*~ (retreating).
 12644 | Lair:5   | 12644 ||| Stepping ~*~*~tactically~*~*~ (retreating).
 12648 | Lair:5   | 12648 ||| Stepping ~*~*~tactically~*~*~ (retreating).
 13000 | Lair:5   | 13000 ||| RETREATING.
 13005 | Lair:5   | 13005 ||| Stepping ~*~*~tactically~*~*~ (retreating).
 13006 | Lair:5   | 13006 ||| Stepping ~*~*~tactically~*~*~ (retreating).
 13053 | Lair:5   | 13053 ||| READING scroll of brand weapon.
 13053 | Lair:5   | 13053 ||| BRANDING +2 orcbow of flaming.
 13063 | Lair:5   | Found a staircase to the Slime Pits.
 13171 | Lair:5   | 13171 ||| PLANNING D:1-11
 13171 | Lair:5   | 13171 ||| READING scroll labelled QETROOJIEZ.
 13289 | D:10     | Entered Level 10 of the Dungeon
 13307 | D:10     | Noticed Nergalle
 13318 | D:10     | Killed Nergalle
 13547 | D:10     | 13547 ||| INVOKING Heroism.
 13548 | D:10     | 13548 ||| READING scroll labelled TEIVEL VAPH.
 13549 | D:10     | 13549 ||| READING 7 scrolls of identify.
 13549 | D:10     | 13549 ||| IDENTIFYING sedimented red potion
 13550 | D:10     | 13550 ||| DROPPING potion of attraction.
 13660 | D:10     | Found a staircase to the Orcish Mines.
 13782 | D:10     | Noticed Sonja
 13785 | D:10     | Killed Sonja
 13957 | D:10     | 13957 ||| Stepping ~*~*~tactically~*~*~ (outnumbered).
 13964 | D:10     | 13964 ||| Stepping ~*~*~tactically~*~*~ (outnumbered).
 13967 | D:10     | 13967 ||| Stepping ~*~*~tactically~*~*~ (outnumbered).
 14630 | D:11     | Noticed Erica
 14631 | D:11     | 14631 ||| INVOKING Heroism.
 14637 | D:11     | Killed Erica
 14977 | D:11     | 14977 ||| PLANNING D
 14977 | D:11     | 14977 ||| UPGRADING to +2 robe of resistance.
 14987 | D:11     | 14987 ||| DROPPING +0 ring mail.
 14988 | D:11     | 14988 ||| READING 2 scrolls labelled FOICHEH ZIRAH.
 14989 | D:11     | 14989 ||| DROPPING scroll of noise.
 15041 | D:12     | 15041 ||| READING scroll of enchant weapon.
 15041 | D:12     | 15041 ||| ENCHANTING +2 orcbow of draining.
 15087 | D:12     | 15087 ||| FLEEEEING.
 15088 | D:12     | 15088 ||| FLEEEEING.
 15203 | D:12     | 15203 ||| Stepping ~*~*~tactically~*~*~ (outnumbered).
 15289 | D:12     | Found a transporter.
 15290 | D:12     | Found an ornate altar of the Wu Jian Council.
 15290 | D:12     | Noticed a vault warden
 15361 | D:12     | Found a transporter.
 15368 | D:12     | Found a transporter.
 15378 | D:12     | Found an ornate altar of the Wu Jian Council.
 15380 | D:12     | Found a transporter.
 15797 | D:12     | 15797 ||| INVOKING Heroism.
 15940 | D:12     | Reached skill level 9 in Dodging
 15983 | D:13     | 15983 ||| INVOKING Heroism.
 15984 | D:13     | 15984 ||| INVOKING Finesse.
 16069 | D:13     | Reached skill level 15 in Fighting
 16170 | D:13     | Identified the +3 pair of boots of Loxel {rPois Dex+3
                  | Stlth+} (Okawaru gifted it to you on level 13 of the
                  | Dungeon)
 16170 | D:13     | Received a gift from Okawaru
 16338 | D:13     | Found Vuro's Jewellery Boutique.
 16345 | D:13     | 16345 ||| BUYING +4 ring of protection (396 gold).
 16345 | D:13     | Bought a +4 ring of protection for 396 gold pieces
 16345 | D:13     | 16345 ||| SHOPLISTING ring "Boqiwn" {rF++ rC+++ MP+9 Int-4
                  | Slay+6} (1059 gold, have 846).
 16345 | D:13     | 16345 ||| BUYING ring of fire (275 gold).
 16345 | D:13     | Bought a ring of fire for 275 gold pieces
 16345 | D:13     | 16345 ||| BUYING ring of protection from fire (275 gold).
 16345 | D:13     | Bought a ring of protection from fire for 275 gold pieces
 16360 | D:13     | 16360 ||| Stepping ~*~*~tactically~*~*~ (outnumbered).
 16366 | D:13     | 16366 ||| Stepping ~*~*~tactically~*~*~ (outnumbered).
 16413 | D:13     | Reached XP level 15. HP: 104/104 MP: 22/22
 16743 | D:13     | 16743 ||| UPGRADING to +3 pair of boots of Loxel {rPois
                  | Dex+3 Stlth+}.
 16753 | D:13     | 16753 ||| DROPPING +2 pair of boots.
 16754 | D:13     | 16754 ||| DROPPING +6 ring of strength.
 16755 | D:13     | 16755 ||| DROPPING ring of protection from cold.
 16756 | D:13     | 16756 ||| DROPPING ring of magical power.
 16757 | D:13     | 16757 ||| DRINKING 2 black potions.
 16770 | D:14     | 16770 ||| STAIRDANCE
 16778 | D:14     | 16778 ||| STAIRDANCE
 16812 | D:14     | Found a portal to a secret trove of treasure.
 16911 | D:14     | Found a gate to the Vaults.
 17028 | D:14     | 17028 ||| RETREATING.
 17247 | D:14     | 17247 ||| DROPPING scarf of harm.
 17260 | D:15     | Entered Level 15 of the Dungeon
 17260 | D:15     | Found a snail-covered altar of Cheibriados.
 17266 | D:15     | 17266 ||| STAIRDANCE
 17278 | D:15     | 17278 ||| STAIRDANCE
 17299 | D:15     | 17299 ||| STAIRDANCE
 17326 | D:15     | 17326 ||| STAIRDANCE
 17372 | D:15     | 17372 ||| STAIRDANCE
 17386 | D:15     | 17386 ||| STAIRDANCE
 17417 | D:15     | 17417 ||| STAIRDANCE
 17497 | D:15     | Reached skill level 16 in Fighting
 17548 | D:15     | 17548 ||| RETREATING.
 17549 | D:15     | 17549 ||| INVOKING Heroism.
 17554 | D:15     | 17554 ||| Stepping ~*~*~tactically~*~*~ (retreating).
 17555 | D:15     | 17555 ||| Stepping ~*~*~tactically~*~*~ (retreating).
 17556 | D:15     | 17556 ||| Stepping ~*~*~tactically~*~*~ (retreating).
 17557 | D:15     | 17557 ||| Stepping ~*~*~tactically~*~*~ (retreating).
 17564 | D:15     | Noticed Louise
 17565 | D:15     | 17565 ||| INVOKING Finesse.
 17567 | D:15     | HP: 26/104 [salamander/+0 trident (6)]
 17568 | D:15     | 17568 ||| READING 12 scrolls of teleportation.
 17569 | D:15     | 17569 ||| DRINKING 4 potions of heal wounds.
 17579 | D:15     | HP: 24/104 [barbs]
 17580 | D:15     | 17580 ||| READING 11 scrolls of teleportation.
 17581 | D:15     | 17581 ||| DRINKING 3 potions of heal wounds.
 17585 | D:15     | 17585 ||| Stepping ~*~*~tactically~*~*~ (retreating).
 17586 | D:15     | 17586 ||| Stepping ~*~*~tactically~*~*~ (retreating).
 17587 | D:15     | 17587 ||| Stepping ~*~*~tactically~*~*~ (retreating).
 17588 | D:15     | 17588 ||| Stepping ~*~*~tactically~*~*~ (retreating).
 17589 | D:15     | 17589 ||| Stepping ~*~*~tactically~*~*~ (retreating).
 17590 | D:15     | 17590 ||| Stepping ~*~*~tactically~*~*~ (retreating).
 17590 | D:15     | HP: 18/104 [two-headed ogre/+0 giant spiked club (18)]
 17591 | D:15     | 17591 ||| READING 10 scrolls of teleportation.
 17592 | D:15     | 17592 ||| DRINKING 2 potions of heal wounds.
 17593 | D:15     | 17593 ||| Stepping ~*~*~tactically~*~*~ (retreating).
 17595 | D:15     | 17595 ||| DRINKING potion of heal wounds.
 17660 | D:15     | Found a staircase to the Depths.
 17662 | D:15     | 17662 ||| INVOKING Heroism.
 18023 | D:15     | 18023 ||| INVOKING Heroism.
 18033 | Abyss:3  | Cast into level 3 of the Abyss (Louise)
 18042 | Abyss:3  | Found a corrupted altar of Lugonu.
 18077 | Abyss:3  | 18077 ||| Stepping ~*~*~tactically~*~*~ (outnumbered).
 18096 | Abyss:3  | Found a corrupted altar of Lugonu.
 18135 | Abyss:3  | Found a corrupted altar of Lugonu.
 18153 | Abyss:3  | Found a corrupted altar of Lugonu.
 18163 | Abyss:3  | Noticed a lich
 18164 | Abyss:3  | 18164 ||| INVOKING Heroism.
 18176 | Abyss:3  | Killed a lich
 18243 | Abyss:3  | 18243 ||| Stepping ~*~*~tactically~*~*~ (retreating).
 18245 | Abyss:3  | 18245 ||| Stepping ~*~*~tactically~*~*~ (retreating).
 18249 | Abyss:3  | 18249 ||| INVOKING Heroism.
 18257 | Abyss:3  | Noticed a tentacled starspawn
 18259 | Abyss:3  | 18259 ||| Stepping ~*~*~tactically~*~*~ (retreating).
 18275 | Abyss:3  | Killed a tentacled starspawn
 18327 | Abyss:3  | Noticed a tentacled starspawn
 18341 | Abyss:3  | Killed a tentacled starspawn
 18388 | Abyss:3  | 18388 ||| Stepping ~*~*~tactically~*~*~ (retreating).
 18411 | Abyss:3  | Received a gift from Okawaru
 18419 | D:15     | Escaped the Abyss
 18420 | D:15     | 18420 ||| INVOKING Heroism.
 18421 | D:15     | 18421 ||| INVOKING Finesse.
 18445 | D:15     | Killed Louise
 18688 | D:15     | 18688 ||| INVOKING Heroism.
 18780 | D:15     | 18780 ||| PLANNING ORC
 18780 | D:15     | 18780 ||| READING scroll labelled JUDAQA ZORAJEYVIG.
 18883 | Orc:1    | Entered Level 1 of the Orcish Mines
 18889 | Orc:1    | 18889 ||| STAIRDANCE
 18895 | Orc:1    | 18895 ||| STAIRDANCE
 18900 | Orc:1    | 18900 ||| STAIRDANCE
 18905 | D:10     | Received a gift from Okawaru
 18906 | D:10     | Reached skill level 17 in Fighting
 18916 | Orc:1    | 18916 ||| STAIRDANCE
 18930 | Orc:1    | 18930 ||| STAIRDANCE
 18941 | Orc:1    | 18941 ||| STAIRDANCE
 18949 | Orc:1    | 18949 ||| STAIRDANCE
 18951 | D:10     | 18951 ||| INVOKING Heroism.
 18972 | Orc:1    | 18972 ||| STAIRDANCE
 19242 | Orc:2    | Entered Level 2 of the Orcish Mines
 19243 | Orc:2    | Found a staircase to the Elven Halls.
 19251 | Orc:2    | 19251 ||| INVOKING Heroism.
 19283 | Orc:2    | 19283 ||| Stepping ~*~*~tactically~*~*~ (outnumbered).
 19744 | Orc:2    | Found Leaqikei's Antique Armour Shop.
 19746 | Orc:2    | 19746 ||| RETREATING.
 19754 | Orc:2    | 19754 ||| RETREATING.
 19800 | Orc:2    | 19800 ||| INVOKING Heroism.
 19802 | Orc:2    | 19802 ||| RETREATING.
 19806 | Orc:2    | 19806 ||| Stepping ~*~*~tactically~*~*~ (retreating).
 19807 | Orc:2    | 19807 ||| Stepping ~*~*~tactically~*~*~ (retreating).
 19808 | Orc:2    | 19808 ||| Stepping ~*~*~tactically~*~*~ (retreating).
 19809 | Orc:2    | 19809 ||| Stepping ~*~*~tactically~*~*~ (retreating).
 19810 | Orc:2    | 19810 ||| Stepping ~*~*~tactically~*~*~ (retreating).
 19819 | Orc:2    | 19819 ||| Stepping ~*~*~tactically~*~*~ (retreating).
 19820 | Orc:2    | 19820 ||| Stepping ~*~*~tactically~*~*~ (retreating).
 19821 | Orc:2    | 19821 ||| RETREATING.
 19822 | Orc:2    | 19822 ||| Stepping ~*~*~tactically~*~*~ (retreating).
 19823 | Orc:2    | 19823 ||| Stepping ~*~*~tactically~*~*~ (retreating).
 19824 | Orc:2    | 19824 ||| Stepping ~*~*~tactically~*~*~ (retreating).
 19825 | Orc:2    | 19825 ||| Stepping ~*~*~tactically~*~*~ (retreating).
 19826 | Orc:2    | 19826 ||| Stepping ~*~*~tactically~*~*~ (retreating).
 19827 | Orc:2    | 19827 ||| Stepping ~*~*~tactically~*~*~ (retreating).
 19828 | Orc:2    | 19828 ||| Stepping ~*~*~tactically~*~*~ (retreating).
 19829 | Orc:2    | 19829 ||| Stepping ~*~*~tactically~*~*~ (retreating).
 19830 | Orc:2    | 19830 ||| Stepping ~*~*~tactically~*~*~ (retreating).
 19831 | Orc:2    | 19831 ||| Stepping ~*~*~tactically~*~*~ (retreating).
 19839 | Orc:2    | 19839 ||| Stepping ~*~*~tactically~*~*~ (retreating).
 19848 | Orc:2    | Reached XP level 16. HP: 112/112 MP: 23/23
 19871 | Orc:2    | 19871 ||| INVOKING Heroism.
 19874 | Orc:2    | 19874 ||| RETREATING.
 19888 | Orc:2    | 19888 ||| Stepping ~*~*~tactically~*~*~ (retreating).
 19889 | Orc:2    | 19889 ||| Stepping ~*~*~tactically~*~*~ (retreating).
 19890 | Orc:2    | 19890 ||| Stepping ~*~*~tactically~*~*~ (retreating).
 19891 | Orc:2    | 19891 ||| Stepping ~*~*~tactically~*~*~ (retreating).
 19902 | Orc:2    | 19902 ||| Stepping ~*~*~tactically~*~*~ (retreating).
 19903 | Orc:2    | 19903 ||| Stepping ~*~*~tactically~*~*~ (retreating).
 19912 | Orc:2    | 19912 ||| Stepping ~*~*~tactically~*~*~ (retreating).
 19913 | Orc:2    | 19913 ||| Stepping ~*~*~tactically~*~*~ (retreating).
 19914 | Orc:2    | 19914 ||| Stepping ~*~*~tactically~*~*~ (retreating).
 19917 | Orc:2    | 19917 ||| Stepping ~*~*~tactically~*~*~ (retreating).
 19918 | Orc:2    | 19918 ||| Stepping ~*~*~tactically~*~*~ (retreating).
 19919 | Orc:2    | 19919 ||| Stepping ~*~*~tactically~*~*~ (retreating).
 19920 | Orc:2    | 19920 ||| Stepping ~*~*~tactically~*~*~ (retreating).
 19924 | Orc:2    | 19924 ||| RETREATING.
 19927 | Orc:2    | 19927 ||| INVOKING Heroism.
 19931 | Orc:2    | 19931 ||| Stepping ~*~*~tactically~*~*~ (retreating).
 19932 | Orc:2    | 19932 ||| Stepping ~*~*~tactically~*~*~ (retreating).
 19933 | Orc:2    | 19933 ||| Stepping ~*~*~tactically~*~*~ (retreating).
 19935 | Orc:2    | 19935 ||| Stepping ~*~*~tactically~*~*~ (retreating).
 19936 | Orc:2    | HP: 26/112 [orc high priest/divine providence (13)]
 19937 | Orc:2    | 19937 ||| READING 9 scrolls of teleportation.
 19937 | Orc:2    | HP: 1/112 [two-headed ogre/+0 giant club (25)]
 19937 | Orc:2    | Mangled by a two-headed ogre

Levels and vault maps discovered:
D:1:      dpeg_arrival_tiny_c, layout_rooms, basic_ecumenical_altar,
          skrybe_limestone_x, hex_intersection
D:2:      layout_loops_ring, hex_tiny, uniq_jessica
D:3:      wander_river, layout_loops_ring, serial_shops, shop_fountains,
          minmay_misc_feat_secret_circle
D:4:      layout_loops_ring, portal_sewer_entry_f, kennysheep_pointless_box,
          uniq_grinder
D:5:      layout_layer_cave, mainiacjoe_overflow_alcove_2, uniq_blork_the_orc,
          uniq_sigmund
D:6:      layout_basic, mainiacjoe_overflow_surrounded_room,
          general_overflow_altar, uniq_pikel
D:7:      layout_rooms, grunt_temple_overflow_open, minmay_temple_entry_wispy
D:8:      layout_basic, uniq_psyche
D:9:      layout_basic, minmay_lair_entry_grove, serial_shops,
          nicolae_shop_just_a_little_nook
D:10:     layout_long_grid, minmay_orc_entry_temple_small,
          chequers_decorated_corner, minmay_protected_statue, uniq_sonja,
          uniq_nergalle
D:11:     layout_loops_ring, uniq_erica
D:12:     dreamdust_wu_jian_sword_trials, layout_loops_ring, special_room
          [special_room_orc], small_statue_intersection,
          nicolae_kite_square_tiling_tiny
D:13:     layout_roguey, serial_shops, shop
D:14:     layout_cave_pools, hellmonk_vaults_attempted_burglary, enter_trove_2,
          serial_park_square2
D:15:     hangedman_depths_entry_try_elsewhere_first, layout_irregular_city,
          cheibriados_altar_1, amcnicky_mini_corridor_feature, uniq_louise
Lair:1:   layout_cave_pods, basic_altar
Lair:2:   layout_gridlike, ebering_ghost_funeral_grove
Lair:3:   layout_big_grid, palyth_hydra_swamp_entry,
          nicolae_spider_entry_non_spiders
Lair:4:   layout_layer_cave, minmay_lair_drake_nest
Lair:5:   minmay_lair_end_frog_pond, layout_regular_city, slime_entry_1
Orc:1:    layout_diamond_mine
Orc:2:    st_orc_open, layout_caves

Skill      XL: |  1  2  3  4  5  6  7  8  9 10 11 12 13 14 15 |
---------------+----------------------------------------------+-----
Armour         | 1 3 4 7 8 |  8.0
Ranged Weapons | 5 6 7 8 9 11 13 14 16 | 16.0
Fighting       | 3 4 5 7 8 9 10 13 15 17 | 17.0
Dodging        | 2 3 4 5 7 9 11 | 11.9
Invocations    | 2 4 9 10 | 10.0
Stealth        | |  1.1

Action                     |  1- 3 |  4- 6 |  7- 9 | 10-12 | 13-15 | 16-18 || total
---------------------------+-------+-------+-------+-------+-------+-------++-------
   Fire: Shortbow          |    89 |   161 |   299 |       |       |       ||   549
         Orcbow            |       |       |    64 |   544 |  1640 |    46 ||  2294
 Invoke: Heroism           |       |       |     1 |    32 |    27 |     2 ||    62
         Finesse           |       |       |       |       |     3 |       ||     3
    Use: Scroll            |     4 |     4 |     7 |     8 |    13 |     1 ||    37
         Potion            |     2 |     1 |     3 |     4 |     5 |       ||    15
 Armour: Leather armour    |    18 |       |       |       |       |       ||    18
         Ring mail         |     5 |    42 |   166 |   126 |   152 |       ||   491
         Robe              |       |       |       |       |   132 |    10 ||   142
  Dodge: Dodged            |    31 |    50 |   195 |   250 |   696 |    33 ||  1255
  Block: Other             |       |       |       |    61 |   166 |     7 ||   234
         Reflection        |       |       |       |       |    17 |       ||    17

Table legend:
 A = Non-vault XP
 B = Vault XP
 C = Vault XP percentage of total XP
 D = Non-vault monster count
 E = Vault monster count
 F = Vault count percentage of total count
                 A         B        C        D         E       F
            +---------+---------+-------+---------+---------+-------
      Total |   98991 |   31693 |  24.3 |     471 |     137 |  22.5
            +---------+---------+-------+---------+---------+-------
        D:1 |      29 |       0 |   0.0 |      17 |       0 |   0.0
        D:2 |      73 |      37 |  33.6 |      16 |       1 |   5.9
        D:3 |     196 |       0 |   0.0 |      24 |       0 |   0.0
        D:4 |     111 |     298 |  72.9 |      14 |       7 |  33.3
        D:5 |     317 |     319 |  50.2 |       9 |       2 |  18.2
        D:6 |     761 |     673 |  46.9 |      32 |       1 |   3.0
        D:7 |     864 |       0 |   0.0 |      17 |       0 |   0.0
        D:8 |     781 |     358 |  31.4 |      15 |       1 |   6.2
        D:9 |     592 |    2207 |  78.8 |       9 |      12 |  57.1
       D:10 |    3803 |    1688 |  30.7 |      33 |      14 |  29.8
       D:11 |    4165 |     831 |  16.6 |      16 |       1 |   5.9
       D:12 |    5913 |     421 |   6.6 |      18 |      20 |  52.6
       D:13 |    8411 |       0 |   0.0 |      20 |       0 |   0.0
       D:14 |    6691 |     842 |  11.2 |      17 |       1 |   5.6
       D:15 |    9613 |    3831 |  28.5 |      21 |       5 |  19.2
     Lair:1 |   10715 |       0 |   0.0 |      33 |       0 |   0.0
     Lair:2 |    6841 |       0 |   0.0 |      20 |       0 |   0.0
     Lair:3 |    8326 |    3652 |  30.5 |      32 |      15 |  31.9
     Lair:4 |    8579 |    1525 |  15.1 |      31 |       4 |  11.4
     Lair:5 |    7185 |   10430 |  59.2 |      24 |      37 |  60.7
      Orc:1 |    1900 |       0 |   0.0 |      15 |       0 |   0.0
      Orc:2 |    2372 |    4428 |  65.1 |      14 |      14 |  50.0
    Abyss:3 |   10753 |       0 |   0.0 |      24 |       0 |   0.0
      Sewer |       0 |     153 | 100.0 |       0 |       2 | 100.0
            +---------+---------+-------+---------+---------+-------
